 Dungeon Crawl Stone Soup version 0.21-a0-178-g0b87683 (webtiles) character file.

48 Leszczynek the Ruffian (level 3, -2/33 HPs)
             Began as a Troll Skald on Aug 9, 2017.
             Slain by an orc
             ... wielding a cursed -1 short sword
              (4 damage)
             ... on level 3 of the Dungeon.
             The game lasted 00:01:13 (210 turns).

Leszczynek the Ruffian (Troll Skald)                 Turns: 210, Time: 00:01:14

Health: -2/33      AC:  5    Str: 19    XL:     3   Next: 50%
Magic:  3/3        EV: 10    Int:  9    God:
Gold:   32         SH:  0    Dex: 10    Spells: 1/4 levels left

rFire    . . .     SeeInvis .     - Unarmed
rCold    . . .     Gourm    +   (no shield)
rNeg     . . .     Faith    .   a - +0 robe
rPois    .         Spirit   .   (helmet restricted)
rElec    .         Reflect  .   (no cloak)
rCorr    .         Harm     .   (gloves unavailable)
MR       .....                  (boots unavailable)
Stlth    +.........             (no amulet)
HPRegen  0.51/turn              (no ring)
MPRegen  0.08/turn              (no ring)

@: no status effects
A: unfitting armour, claws 3, fast metabolism 3, gourmand, regeneration 1,
shaggy fur 1, tough skin 2
a: no special abilities


You were on level 3 of the Dungeon.
You were very full.

You visited 1 branch of the dungeon, and saw 3 of its levels.

You collected 32 gold pieces.

Inventory:

Armour
 a - a +0 robe (worn)
Scrolls
 c - a scroll of teleportation {unknown}
 e - a scroll of magic mapping {unknown}
 g - a scroll of fear {unknown}
Books
 b - a book of Battle

   Spells                             Type                      Level
   a - Infusion                       Charms                       1
   b - Shroud of Golubria             Charms/Translocation         2
   c - Song of Slaying                Charms                       2
   d - Spectral Weapon                Hexes/Charms                 3
   e - Regeneration                   Charms/Necromancy            3
Comestibles
 d - 2 bread rations
 f - 3 chunks of flesh


   Skills:
 - Level 1.5 Fighting
 - Level 1.9 Dodging
 + Level 3.9 Unarmed Combat
 - Level 1.2 Spellcasting
 - Level 2.0 Charms


You had one spell level left.
You knew the following spells:

 Your Spells              Type           Power        Failure   Level  Hunger
a - Infusion              Chrm           #...         16%         1    ##.....
b - Shroud of Golubria    Chrm/Tloc      #.........   36%         2    ###....


Dungeon Overview and Level Annotations

Branches:
Dungeon (3/15)

Altars:


Innate Abilities, Weirdness & Mutations

You are too large for most types of armour.
You have claws for hands.
Your metabolism is lightning-fast.
You like to eat raw meat.
Your natural rate of healing is unusually fast.
You are covered in fur. (AC +1)
You have very tough skin. (AC +2)


Message History

You miss something.
You hear some strange, mumbled words.
A puff of flame appears from out of thin air!
The puff of flame hits you!
You claw something! The orc misses you. Something hits you.
* * * LOW HITPOINT WARNING * * *
You aren't carrying any potions.
You scratch something. The orc hits you with a short sword.
* * * LOW HITPOINT WARNING * * *
Something hits you.
* * * LOW HITPOINT WARNING * * *
Unknown command.
You claw something!
Reactivating autopickup.
You have reached level 3!
Your experience leads to an increase in your attributes!
Increase (S)trength, (I)ntelligence, or (D)exterity?
You feel agile.
You feel stronger.
You feel a bit more experienced. The orc hits you with a short sword.
You die...

.#... #..# .....##..##
........... .#........ .#
.........#####.#.#
.#..........# ...#
.?...........o.# ...##
.............#@# ....
.............#)###.## .#
...........)).......## .#
.......###...#.......# ..# ..#
....... #.[.#..##...##..##..##
.......###...#..##.............
....%...[.............#......##
.......###...#..#..............
....... ..........#..#..#.....


You could see an orc.

Vanquished Creatures
  An orc wizard (D:3)
  An ooze (D:3)
  4 orcs (D:3)
  2 goblins (D:1)
  3 hobgoblins
  A jackal (D:3)
  A bat (D:2)
  A frilled lizard (D:1)
  A rat (D:1)
15 creatures vanquished.

Notes
Turn   | Place    | Note
-------+----------+-------------------------------------------
     0 | D:1      | Leszczynek the Troll Skald began the quest for the Orb.
     0 | D:1      | Reached XP level 1. HP: 19/19 MP: 1/1
   139 | D:3      | Reached XP level 2. HP: 21/27 MP: 2/2
   143 | D:3      | Learned a level 2 spell: Shroud of Golubria
   156 | D:3      | Reached skill level 3 in Unarmed Combat
   208 | D:3      | HP: 5/27 [something (3)]
   209 | D:3      | HP: 1/27 [something (2)]
   210 | D:3      | Reached XP level 3. HP: 1/33 MP: 3/3
   210 | D:3      | Slain by an orc

Vault maps used:
D:1:      lemuel_arrival_broad_hall
D:2:      minmay_nonomino_d4, uniq_crazy_yiuf_cottage
D:3:      portal_sewer_entry_a, corexii_corridor_pit

Skill      XL: |  1  2 |
---------------+-------+-----
Unarmed Combat | 3 |  3.9
Fighting       | |  1.5
Dodging        | |  1.9
Spellcasting   | |  1.2
Charms         | |  2.0

Action                   || total
-------------------------++-------
Melee: Unarmed           ||    42
       Punch             ||     1
  Eat: Chunk             ||     7
Armor: Robe              ||     9
Dodge: Dodged            ||    25
